Map: Amygdala

Players

iPlayDefense

  • Race: Terran Terran
  • League: Silver
  • Spawn Location: 7:00

akdgksdlstod - Winner!

  • Race: Zerg Zerg
  • League: Gold
  • Spawn Location: 1:00

VOD

Have the link to the VOD?

Description

Time

  • Played on: April 18, 2025, 8:39 p.m.
  • Length: 5:06
Show
View Real Time Build Order
Export as new Build Order

iPlayDefense Terran 

Build Orders:  

Get SALT Encoding   

  12  0:01  SCV  
  13  0:23  Supply Depot  
  13  0:24  SCV  
  14  0:34  Refinery  
  14  0:36  SCV  
  15  0:48  SCV  
  16  0:52  Barracks  
  16  1:00  SCV  
  17  1:06  Refinery  
  17  1:12  SCV  
  18  1:24  SCV  
  19  1:39  Barracks Reactor  
  19  1:40  Orbital Command  
  19  1:57  Barracks  
  19  2:00  Supply Depot, Barracks  
  19  2:10  SCV  
  20  2:19  Marine x2  
  22  2:23  SCV  
  23  2:35  SCV  
  23  2:37  Marine x2  
  26  2:45  Barracks Tech Lab  
  26  2:47  Barracks Tech Lab  
  26  3:09  Marine x4, Factory  
  26  3:12  Combat Shield, Stimpack  
  30  3:22  SCV  
  31  3:39  Supply Depot  
  31  3:41  Supply Depot  
  31  3:54  Factory Tech Lab  
  31  4:00  Marine x4  
  35  4:07  Command Center  
  35  4:18  Siege Tank, Marine x3  
  41  4:24  SCV  
Show
View Real Time Build Order
Export as new Build Order

akdgksdlstod Zerg - Winner!

Build Orders: Hatch First, Ravager All-In 

Get SALT Encoding   

  12  0:01  Drone  
  13  0:08  Drone  
  14  0:17  Overlord  
  14  0:35  Drone  
  15  0:36  Drone x2  
  17  0:54  Hatchery  
  17  0:55  Drone  
  17  0:59  Drone  
  18  1:07  Extractor  
  17  1:15  Spawning Pool  
  17  1:16  Drone  
  17  1:24  Drone  
  18  1:34  Overlord  
  18  1:46  Drone  
  19  2:02  Queen, Extractor  
  19  2:04  Drone  
  19  2:05  Drone  
  19  2:06  Queen  
  24  2:09  Drone  
  25  2:20  Roach Warren  
  24  2:26  Metabolic Boost  
  24  2:31  Drone  
  24  2:34  Drone  
  26  2:42  Overlord  
  26  2:49  Overlord  
  26  3:03  Roach x2  
  30  3:07  Roach  
  30  3:10  Roach  
  34  3:15  Roach  
  34  3:18  Drone  
  37  3:21  Drone  
  38  3:28  Overlord  
  38  3:40  Queen  
  40  4:00  Zergling x2  
  40  4:01  Zergling x12  
  47  4:04  Zergling x2  
  47  4:09  Ravager x3  
  51  4:11  Ravager  
  51  4:15  Ravager  
  53  4:32  Drone x2  
  53  4:33  Drone x5  
Tags
 
Matchup
TvZ
Replay Pack
Dave SC2 II
Spawn Locations
Cross Positions
Add a new tag
Caveats
  • Supply blocks, unpowered buildings, or Contaminate may cause inaccurate times.
  • Supply counts are checked every 10 seconds.